 Dungeon Crawl Stone Soup version 0.21-a0-67-g3f13d09 (webtiles) character file.

6222 Gorglomux the Placeless Gnoll (level 10, -7/80 HPs)
             Began as a Gnoll Warper on June 17, 2017.
             Was a Believer of Wu Jian.
             Mangled by an orc knight
             ... wielding a +0 great mace
              (21 damage)
             ... on level 10 of the Dungeon.
             The game lasted 00:22:03 (10476 turns).

Gorglomux the Placeless Gnoll (Gnoll Warper)       Turns: 10476, Time: 00:22:04

Health: -7/80      AC: 10    Str: 13    XL:     10   Next: 92%
Magic:  7/22       EV: 16    Int: 15    God:    Wu Jian [**....]
Gold:   195        SH:  2    Dex: 16    Spells: 11/25 levels left

rFire    . . .     SeeInvis .   b - +0 dagger (venom)
rCold    . . .     Gourm    .   (no shield)
rNeg     . . .     Faith    .   v - +0 leather armour (curse)
rPois    .         Spirit   .   J - +1 helmet
rElec    .         Reflect  +   F - +0 cloak
rCorr    .         Harm     .   E - +2 pair of gloves
MR       .....                  (no boots)
Stlth    ++++......             r - +2 amulet of reflection
HPRegen  0.23/turn              W - +3 ring of dexterity
MPRegen  0.18/turn              y - +2 ring of slaying

@: drained
A: short attention span, fangs 1, strong nose
a: Renounce Religion


You were on level 10 of the Dungeon.
You worshipped Wu Jian.
Wu Jian was pleased with you.
You were very hungry.

You visited 2 branches of the dungeon, and saw 11 of its levels.

You collected 429 gold pieces.
You spent 234 gold pieces at shops.

Inventory:

Hand Weapons
 a - a +2 dagger of draining
 b - a +0 dagger of venom (weapon)
 p - a +0 short sword
Missiles
 e - 5 tomahawks of dispersal (quivered)
 R - 2 tomahawks
 Z - a throwing net
Armour
 v - a cursed +0 leather armour (worn)
 E - a +2 pair of gloves (worn)
 F - a +0 cloak (worn)
 J - a +1 helmet (worn)
Jewellery
 q - an uncursed ring of magical power {unknown}
 r - a +2 amulet of reflection (around neck)
 y - a +2 ring of slaying (right hand)
 W - a +3 ring of dexterity (left hand)
Wands
 A - a wand of acid (9/15)
 D - a wand of digging (9/24)
 L - a wand of lightning (3/15)
Scrolls
 s - 5 scrolls of remove curse
 t - a scroll of random uselessness {unknown}
 B - 3 scrolls of blinking
 C - a scroll of immolation {unknown}
 M - a scroll of amnesia
 S - 3 scrolls of enchant armour {unknown}
 T - 6 scrolls of teleportation
 U - a scroll of magic mapping {unknown}
 V - 5 scrolls of recharging
 Y - a scroll of enchant weapon {unknown}
Potions
 x - 2 potions of heal wounds
 G - a potion of berserk rage
 H - a potion of invisibility
 K - a potion of degeneration
 N - a potion of cancellation
 O - a potion of brilliance {unknown}
 P - 2 potions of resistance
 Q - 3 potions of curing
 X - a potion of ambrosia {unknown}
Books
 c - a book of Spatial Translocations

   Spells                             Type                      Level
   a - Blink                          Translocation                2
   b - Shroud of Golubria             Charms/Translocation         2
   c - Lesser Beckoning               Translocation                3
   d - Gell's Gravitas                Translocation                3
   e - Teleport Other                 Translocation                3
   f - Passage of Golubria            Translocation                4
 w - a book of Minor Magic

   Spells                             Type                      Level
   a - Magic Dart                     Conjuration                  1
   b - Blink                          Translocation                2
   c - Call Imp                       Summoning                    2
   d - Slow                           Hexes                        2
   e - Conjure Flame                  Conjuration/Fire             3
   f - Mephitic Cloud                 Conjuration/Poison/Air       3
Comestibles
 f - 5 bread rations
 u - 4 chunks of flesh
 z - 3 meat rations
 I - 13 fruits


   Skills:
 - Level 8.1(7.4) Fighting
 - Level 8.1(7.5) Short Blades
 - Level 1.7(1.2) Throwing
 + Level 7.5(6.9) Armour
 + Level 7.8(7.2) Dodging
 - Level 8.1(7.5) Stealth
 - Level 8.0(7.4) Spellcasting
 - Level 8.2(7.6) Charms
 - Level 8.4(7.7) Translocations


You had 11 spell levels left.
You knew the following spells:

 Your Spells              Type           Power        Failure   Level  Hunger
a - Teleport Other        Tloc           ####....     1%          3    ##.....
b - Gell's Gravitas       Tloc           ####......   1%          3    ##.....
d - Blink                 Tloc           N/A          1%          2    None
g - Passage of Golubria   Tloc           N/A          6%          4    ####...
h - Shroud of Golubria    Chrm/Tloc      ####......   1%          2    None


Dungeon Overview and Level Annotations

Branches:
Dungeon (10/15)            Temple (1/1) D:5            Lair (0/6) D:9
    Orc (0/2) D:9

Altars:
Ashenzari
Cheibriados
Dithmenos
Elyvilon
Fedhas
Gozag
Hepliaklqana
Kikubaaqudgha
Makhleb
Nemelex Xobeh
Okawaru
Qazlal
Ru
Sif Muna
Trog
Uskayaw
Vehumet
Wu Jian
Xom
Yredelemnul
Zin
The Shining One

Shops:
D:8 (

Annotations:
D:3 Natasha
D:4 Grinder
D:7 exclusions: bullfrog and 5 killer bees


Innate Abilities, Weirdness & Mutations

You have a short attention span.
You have very sharp teeth.
Your uncanny sense of smell can sniff out nearby items.


Message History

Casting: Gell's Gravitas
Confirm with . or Enter, or press ? or * to list all spells.
You blink.
Casting: Blink
Confirm with . or Enter, or press ? or * to list all spells.
You blink.
Found 16 gold pieces.
Found a stone staircase leading down.
You attack the orc knight from above.
You hit the orc knight but do no damage.
The orc knight looks even sicker.
The orc knight is almost dead.
You repeatedly attack the worker ant zombie from above.
You barely miss the worker ant zombie.
The worker ant zombie is heavily damaged.
You hit the worker ant zombie.
The worker ant zombie is heavily damaged.
The worker ant zombie is distracted by your jump.
The orc knight hits you with a great mace!!
You die...

............#
............#
............#
##########..#.....#
#...#....####.....#
#...#....#..#.....#
#........#........#
#.ยงยงยง.............#
#.o@Z......>......#
#######+##........#
.........# #.........#
#...#.....#
#...#.....#
#...#.....# #...# ....


You could see an orc knight and a worker ant zombie.

Vanquished Creatures
  3 two-headed ogres
  The ghost of CacoSHU the Thaumaturge, a novice DEFE of Vehumet (D:8)
  A manticore (D:9)
  Psyche (D:9)
  A hippogriff (D:9)
  Sigmund (D:3)
  2 wargs (D:9)
  2 orc warriors
  2 sky beasts
  2 ice beasts
  4 ogres
  A centaur (D:5)
  Blork the orc (D:4)
  2 bullfrogs
  A scorpion (D:9)
  2 howler monkeys (D:9)
  A bullfrog zombie (D:10)
  4 crimson imps
  4 orc priests
  A jelly (D:6)
  4 hounds
  2 quasits
  12 orc wizards
  An iguana (D:5)
  Ijyb (D:5)
  Natasha (D:3)
  9 worker ants
  A hound zombie (D:6)
  A worker ant zombie (D:7)
  10 adders
  A shadow imp (D:5)
  2 oozes (D:3)
  An adder skeleton (D:5)
  4 worms
  2 leopard geckos
  18 orcs
  4 bats
  4 giant cockroaches
  11 goblins
  3 hobgoblins (D:3)
  6 jackals
  5 quokkas
  4 frilled lizards
  A giant cockroach zombie (D:3)
  A jackal skeleton (D:6)
  6 kobolds
  A leopard gecko skeleton (D:7)
  4 rats
157 creatures vanquished.

Notes
Turn   | Place    | Note
-------+----------+-------------------------------------------
     0 | D:1      | Gorglomux the Gnoll Warper began the quest for the Orb.
     0 | D:1      | Reached XP level 1. HP: 18/18 MP: 5/5
    66 | D:1      | Reached skill level 1 in Stealth
   247 | D:1      | Reached XP level 2. HP: 23/24 MP: 6/6
   420 | D:1      | Reached skill level 3 in Stealth
   431 | D:1      | Learned a level 2 spell: Shroud of Golubria
  1254 | D:2      | Reached XP level 3. HP: 29/29 MP: 8/8
  1795 | D:3      | Noticed Ijyb
  1813 | D:3      | Learned a level 3 spell: Teleport Other
  1817 | D:3      | Learned a level 3 spell: Gell's Gravitas
  1833 | D:3      | Noticed Natasha
  1848 | D:3      | Killed Natasha
  1848 | D:3      | Reached skill level 6 in Stealth
  1848 | D:3      | Reached XP level 4. HP: 8/35 MP: 5/9
  1955 | D:3      | Noticed Natasha
  2193 | D:3      | Noticed Sigmund
  2217 | D:3      | Killed Sigmund
  2217 | D:3      | Reached skill level 6 in Short Blades
  2217 | D:3      | Reached XP level 5. HP: 36/41 MP: 7/10
  2217 | D:3      | Reached XP level 6. HP: 41/47 MP: 7/11
  3184 | D:4      | Noticed Grinder
  3207 | D:4      | Paralysed by Grinder for 6 turns
  3216 | D:4      | Paralysed by Grinder for 6 turns
  3476 | D:4      | Noticed Blork the orc
  3481 | D:4      | Killed Blork the orc
  3550 | D:4      | Found a hazy altar of Hepliaklqana.
  3741 | D:5      | Entered Level 5 of the Dungeon
  3805 | D:5      | Found a staircase to the Ecumenical Temple.
  3814 | D:5      | Found a basalt altar of Yredelemnul.
  3823 | Temple   | Entered the Ecumenical Temple
  3885 | Temple   | Became a worshipper of the Wu Jian Council
  3931 | D:5      | Killed Ijyb
  3998 | D:5      | Reached XP level 7. HP: 41/52 MP: 7/12
  4255 | D:5      | Reached skill level 6 in Fighting
  4524 | D:5      | Found a burning altar of Makhleb.
  5349 | D:6      | Reached XP level 8. HP: 67/67 MP: 13/13
  5678 | D:6      | Reached skill level 1 in Charms
  5686 | D:6      | HP: 3/68 [adder (2)]
  5689 | D:6      | Reached * piety under Wu Jian
  6253 | D:7      | Reached skill level 3 in Charms
  6680 | D:7      | Reached skill level 6 in Charms
  6894 | D:7      | Reached ** piety under Wu Jian
  7011 | D:7      | Reached XP level 9. HP: 74/74 MP: 14/14
  7017 | D:7      | Found an ancient bone altar of Kikubaaqudgha.
  7046 | D:7      | Reached skill level 6 in Translocations
  7511 | D:8      | Noticed CacoSHU's ghost (novice DEFE)
  7548 | D:8      | Killed CacoSHU's ghost
  7550 | D:8      | Found Coelulau's Antique Weapon Emporium.
  7558 | D:8      | Bought an ichor-stained quarterstaff for 234 gold pieces
  7558 | D:8      | Identified the +2 quarterstaff "Gorglomux's Foe" {freeze, rC+ MR+ Int-5} (You bought it in a shop on level 8 of the Dungeon)
  7600 | D:8      | Noticed a two-headed ogre
  7606 | D:8      | Killed a two-headed ogre
  8171 | D:9      | Found a stormy altar of Qazlal.
  8210 | D:9      | Found a deep blue altar of Sif Muna.
  8332 | D:9      | Found a staircase to the Lair.
  8332 | D:9      | Noticed a manticore
  8347 | D:9      | Reached XP level 10. HP: 47/80 MP: 22/22
  8403 | D:9      | HP: 3/80 [orc priest/divine providence (12)]
  8519 | D:9      | Killed a manticore
  8913 | D:9      | Found a staircase to the Orcish Mines.
  9269 | D:9      | Found an opulent altar of Gozag.
  9559 | D:9      | Noticed a two-headed ogre
  9618 | D:9      | Learned a level 2 spell: Blink
  9623 | D:9      | Learned a level 4 spell: Passage of Golubria
  9631 | D:9      | Killed a two-headed ogre
  9653 | D:9      | Reached skill level 6 in Dodging
  9802 | D:9      | Found a shadowy altar of Dithmenos.
  9804 | D:9      | Found a hazy altar of Hepliaklqana.
  9804 | D:9      | Found a sparkling altar of Nemelex Xobeh.
  9806 | D:9      | Found a shattered altar of Ashenzari.
  9806 | D:9      | Found a bloodstained altar of Trog.
  9806 | D:9      | Found a shimmering altar of Xom.
  9923 | D:9      | Noticed Psyche
  9933 | D:9      | Killed Psyche
  9933 | D:9      | Reached skill level 6 in Armour
 10066 | D:10     | Entered Level 10 of the Dungeon
 10075 | D:10     | Noticed a two-headed ogre
 10087 | D:10     | Killed a two-headed ogre
 10158 | D:10     | Noticed an orc knight
 10476 | D:10     | Mangled by an orc knight

Vault maps used:
D:1:      dpeg_arrival_tiny_c, roderic_serpentine_path
D:2:      serial_glass, glass_columns_a, glass_columns_a
D:3:      first_bread, kennysheep_generic_room_7, uniq_sigmund, uniq_ijyb,
          uniq_natasha
D:4:      lemuel_doored_altar, uniq_grinder, uniq_blork_the_orc
D:5:      makhleb_heckhound_becter, lemuel_round_altar, minmay_temple_entry_grid
D:7:      lemuel_round_altar
D:8:      serial_glass, glass_columns_a, glass_columns_a, serial_shops,
          nicolae_shop_waterfront
D:9:      nicolae_overflow_crystal_walls, kennysheep_mini_moat,
          grunt_qazlal_sundering, doesnt_xom_only_xom,
          erik_lair_orcish_takeover, orc_0_dummy, uniq_psyche
D:10:     fedhas_bush_and_centaur_altar
Temple:   zaba_magenta_temple

Skill      XL: |  1  2  3  4  5  6  7  8  9 10 |
---------------+-------------------------------+-----
Stealth        | 2 4 6 7 8 |  8.1
Short Blades   | 6 8 |  8.1
Fighting       | 7 8 |  8.1
Charms         | 8 |  8.2
Translocations | 8 |  8.4
Spellcasting   | 8 |  8.0
Armour         | 7 |  7.5
Dodging        | 7 |  7.8
Throwing       | |  1.7

Action                   |  1- 3 |  4- 6 |  7- 9 | 10-12 || total
-------------------------+-------+-------+-------+-------++-------
Melee: Short sword       |   128 |   160 |   517 |    87 ||   892
       Bite              |    11 |    11 |    65 |    35 ||   122
       Dagger            |       |       |       |   110 ||   110
 Cast: Shroud of Golubri |     8 |    12 |    32 |    18 ||    70
       Gell's Gravitas   |     2 |     2 |     3 |    14 ||    21
       Teleport Other    |       |       |     3 |     9 ||    12
       Passage of Golubr |       |       |       |     3 ||     3
       Blink             |       |       |       |     2 ||     2
Evoke: Wand              |       |       |     1 |     4 ||     5
  Use: Potion            |     2 |     1 |     1 |       ||     4
       Scroll            |     1 |     2 |     8 |       ||    11
 Stab: Sleeping          |     5 |     9 |    15 |     2 ||    31
       Distracted        |       |       |     2 |       ||     2
  Eat: Chunk             |     3 |     8 |    14 |     6 ||    31
       Royal jelly       |       |       |     1 |     1 ||     2
Armor: Leather armour    |    18 |    31 |   124 |    41 ||   214
Dodge: Dodged            |    66 |    76 |   238 |    90 ||   470
Block: Other             |       |       |     1 |     6 ||     7
